 Dungeon Crawl Stone Soup version 0.21-a0-529-g8c7b3f5 (webtiles) character file.

1692 Amnesiac the Chucker (level 9, -8/145 HPs)
             Began as an Ogre Arcane Marksman on Dec 11, 2017.
             Was a Priest of Okawaru.
             Mangled by a killer bee (10 damage)
             ... on level 7 of the Dungeon.
             The game lasted 00:18:01 (6286 turns).

Amnesiac the Chucker (Ogre Arcane Marksman)         Turns: 6286, Time: 00:18:02

Health: -8/145     AC:  4    Str: 20    XL:     9   Next: 2%
Magic:  5/16       EV:  5    Int: 15    God:    Okawaru [***...]
Gold:   341        SH:  0    Dex: 10    Spells: 3/17 levels left

rFire    + . .     SeeInvis .   g - +1 flail (protect)
rCold    . . .     Gourm    .   (no shield)
rNeg     . . .     Faith    .   u - +1 robe {rF+}
rPois    +         Spirit   .   (helmet restricted)
rElec    .         Reflect  .   c - +0 cloak
rCorr    .         Harm     .   (gloves unavailable)
MR       .....                  (boots unavailable)
Stlth    ..........             a - amulet of regeneration
HPRegen  0.74/turn              v - ring of poison resistance
MPRegen  0.15/turn              o - -2 ring of intelligence (curse)

@: berserking (expiring), lethally poisoned (-8 -> -8), very slightly
contaminated, heavily drained, very quick
A: large, unfitting armour, talons 1, clever 1, deformed body, robust 1, tough
skin 1, weak 1
a: Heroism, Renounce Religion


You were on level 7 of the Dungeon.
You worshipped Okawaru.
Okawaru was most pleased with you.
You were not hungry.

You visited 2 branches of the dungeon, and saw 8 of its levels.

You collected 341 gold pieces.

Inventory:

Hand Weapons
 g - a +1 flail of protection (weapon)
 p - a +0 falchion
Missiles
 j - 133 stones
 l - 19 poisoned needles
 x - 2 throwing nets
 D - 2 curare-tipped needles
 E - a large rock (quivered)
 F - 6 tomahawks
Armour
 c - a +0 cloak (worn)
 u - a +1 robe of fire resistance (worn)
Jewellery
 a - an amulet of regeneration (around neck)
 h - an uncursed amulet of guardian spirit
 k - an uncursed ring of see invisible
 o - a cursed -2 ring of intelligence (right hand)
 v - a ring of poison resistance (left hand)
Wands
 y - a wand of random effects (51)
 B - a wand of iceblast (10)
Scrolls
 d - 2 scrolls of remove curse {!r}
 e - 2 scrolls of amnesia {!r}
 i - 3 scrolls of teleportation {!r}
 r - a scroll of blinking {!r}
 t - 3 scrolls of identify {!r}
 C - a scroll of magic mapping {!r}
Potions
 q - a potion of invisibility {!q}
 s - 2 potions of curing {!q}
Books
 b - a book of Debilitation

   Spells                             Type                      Level
   a - Corona                         Hexes                        1
   b - Slow                           Hexes                        2
   c - Inner Flame                    Hexes/Fire                   3
   d - Portal Projectile              Hexes/Translocation          3
   e - Cause Fear                     Hexes                        4
   f - Leda's Liquefaction            Hexes/Earth                  4
Comestibles
 f - 3 bread rations
 m - 3 fruits
 n - 2 royal jellies
 z - a meat ration
 A - a chunk of flesh


   Skills:
 + Level 5.9(4.0) Fighting
 * Level 6.7(4.7) Throwing
 + Level 4.4(2.5) Dodging
 - Level 1.0(0.0) Stealth
 + Level 4.9(3.0) Spellcasting
 + Level 4.8(3.0) Hexes


You had 3 spell levels left.
You knew the following spells:

 Your Spells              Type           Power        Failure   Level  Hunger
a - Corona                Hex            ##.....      13%         1    #......
b - Cause Fear            Hex            ##........   65%         4    #####..
c - Portal Projectile     Hex/Tloc       #.....       47%         3    ###....
d - Leda's Liquefaction   Hex/Erth       #.........   83%         4    #####..
e - Slow                  Hex            ##......     17%         2    ##.....


Dungeon Overview and Level Annotations

Branches:
Dungeon (7/15)             Temple (1/1) D:4

Altars:
Dithmenos
Gozag
Hepliaklqana
Makhleb
Okawaru
Ru
Sif Muna
Xom
Zin

Shops:
D:2 *


Innate Abilities, Weirdness & Mutations

You are too large for most types of armour.
You have tough skin. (AC +1)
You have sharp toenails.
Your mind is acute. (Int +2)
Armour fits poorly on your strangely shaped body.
You are robust. (+10% HP)
You are weak. (Str -2)


Message History

You miscast Cause Fear.
You are very lightly contaminated with residual magic.
Multicoloured lights dance before your eyes!
You feel sick. The killer bee stings you.
* * * LOW HITPOINT WARNING * * *
The killer bee stings you.
* * * LOW HITPOINT WARNING * * *
Casting: Cause Fear
Confirm with . or Enter, or press ? or * to list all spells.
The spell is very dangerous to cast!
Continue anyway?
You miscast Cause Fear.
You feel dizzy. The killer bee closely misses you. The killer bee stings you.
* * * LOW HITPOINT WARNING * * *
You are more poisoned.
The killer bee poisons you!
Really quaff
w - a potion of berserk rage {!q}?
A red film seems to cover your vision as you go berserk!
You feel yourself moving faster!
You feel mighty!
You feel sick. The killer bee barely misses you. The killer bee stings you.
* * * LOW HITPOINT WARNING * * *
You are too berserk!
You barely miss the killer bee.
You feel sick. The killer bee stings you.
* * * LOW HITPOINT WARNING * * *
The killer bee barely misses you.
You miss the killer bee.
You are no longer teleporting projectiles to their destination.
You feel sick. The killer bee stings you!
* * * LOW HITPOINT WARNING * * *
The killer bee stings you.
* * * LOW HITPOINT WARNING * * *
You miss the killer bee.
The killer bee buzzes angrily.
You claw the killer bee!
The killer bee is severely wounded.
You feel sick. The killer bee stings you!
* * * LOW HITPOINT WARNING * * *
You closely miss the killer bee.
The killer bee is severely wounded.
The killer bee barely misses you.
The killer bee stings you but does no damage.
You closely miss the killer bee.
The killer bee is severely wounded.
You feel sick. The killer bee stings you.
* * * LOW HITPOINT WARNING * * *
The killer bee stings you.
* * * LOW HITPOINT WARNING * * *
You sock the killer bee!
Your weapon exudes an aura of protection.
You kill the killer bee!
Okawaru accepts your kill.
You feel sick.
The killer bee stings you but does no damage.
You miss the killer bee. The killer bee stings you.
* * * LOW HITPOINT WARNING * * *
The killer bee barely misses you.
You miss the killer bee.
You feel sick. The killer bee barely misses you.
The killer bee stings you but does no damage.
You barely miss the killer bee.
You feel sick. The killer bee stings you.
* * * LOW HITPOINT WARNING * * *
The killer bee barely misses you.
You closely miss the killer bee. You claw the killer bee.
The killer bee is lightly wounded.
The killer bee stings you!
You die...

#.....#### .# #
#.#.#.# .#.#
#.#.#.#####.#.#
#.............###
#.#.#.......#....
..............#
....#####.#.#.#
..#######.#.#.#####.#
..............yy@...#
...######......######
.. .###.#.##.#######
#. #.................
.. #.#.....#####.###.
.. #.....# # ..
...##..# #.#. #..# #
# #..#


You could see 2 killer bees.

Vanquished Creatures
  The ghost of KristoblXynda the Ruffian, an amateur TrEE (D:4)
  An ice beast (D:6)
  A centaur (D:7)
  Blork the orc (D:5)
  A wyvern zombie (D:7)
  A scorpion (D:7)
  5 wights (D:7)
  A killer bee (D:7)
  2 howler monkeys
  2 crimson imps
  A jelly (D:6)
  2 orc priests
  2 bullfrog skeletons
  4 hounds
  An orc wizard (D:6)
  Jessica (D:2)
  An iguana (D:4)
  6 worker ants
  A hound zombie (D:5)
  A hound skeleton (D:6)
  A howler monkey zombie (D:5)
  A worker ant zombie (D:6)
  4 adders
  4 gnolls (D:6)
  3 oozes
  3 worms
  3 dart slugs
  3 leopard geckos
  11 orcs
  2 giant cockroaches
  5 goblins
  3 hobgoblins
  4 kobolds
  2 quokkas (D:4)
  3 ball pythons
  6 bats
  6 frilled lizards
  A jackal skeleton (D:4)
  A leopard gecko skeleton (D:4)
  6 rats
108 creatures vanquished.

Vanquished Creatures (others)
  A sky beast (D:5)
  An iguana (D:5)
2 creatures vanquished.

Grand Total: 110 creatures vanquished

Notes
Turn   | Place    | Note
-------+----------+-------------------------------------------
     0 | D:1      | Amnesiac the Ogre Arcane Marksman began the quest for the Orb.
     0 | D:1      | Reached XP level 1. HP: 19/19 MP: 2/2
    66 | D:1      | Reached XP level 2. HP: 6/27 MP: 0/3
   587 | D:1      | Found an iron altar of Okawaru.
   593 | D:1      | Became a worshipper of Warmaster Okawaru
   832 | D:1      | Reached XP level 3. HP: 34/35 MP: 3/5
  1230 | D:2      | Noticed Jessica
  1233 | D:2      | Killed Jessica
  1233 | D:2      | Reached XP level 4. HP: 29/42 MP: 4/6
  1469 | D:2      | Found an opulent altar of Gozag.
  1469 | D:2      | Found Gozag's Platinum Reserve.
  2037 | D:2      | Reached skill level 3 in Throwing
  2193 | D:3      | Reached skill level 1 in Stealth
  2200 | D:3      | Learned a level 2 spell: Slow
  2204 | D:3      | Learned a level 3 spell: Portal Projectile
  2273 | D:3      | Gained mutation: Your body sometimes deteriorates upon taking damage. [potion of mutation]
  2273 | D:3      | Gained mutation: You are partially covered in icy blue scales. (AC +2) [potion of mutation]
  2760 | D:3      | Found a hazy altar of Hepliaklqana.
  2761 | D:3      | Found a shimmering altar of Xom.
  2762 | D:3      | Noticed a spectral ugly thing
  2853 | D:3      | Reached XP level 5. HP: 28/50 MP: 3/8
  3278 | D:4      | Found a deep blue altar of Sif Muna.
  3279 | D:4      | Found a burning altar of Makhleb.
  3298 | D:4      | Lost mutation: Your body sometimes deteriorates upon taking damage. [potion of mutation]
  3298 | D:4      | Lost mutation: You are partially covered in icy blue scales. (AC +2) [potion of mutation]
  3298 | D:4      | Gained mutation: Armour fits poorly on your strangely shaped body. [potion of mutation]
  3298 | D:4      | Gained mutation: You are weak. (Str -2) [potion of mutation]
  3298 | D:4      | Gained mutation: You have sharp toenails. [potion of mutation]
  3298 | D:4      | Gained mutation: You are robust. (+10% HP) [potion of mutation]
  3387 | D:4      | Reached XP level 6. HP: 46/67 MP: 2/9
  3440 | D:4      | Reached * piety under Okawaru
  3456 | D:4      | Reached skill level 4 in Throwing
  3519 | D:4      | Noticed KristoblXynda's ghost (amateur TrEE)
  3531 | D:4      | Killed KristoblXynda's ghost
  3531 | D:4      | Reached XP level 7. HP: 62/74 MP: 1/11
  3570 | D:4      | Found a staircase to the Ecumenical Temple.
  3808 | Temple   | Entered the Ecumenical Temple
  3825 | D:4      | Learned a level 4 spell: Cause Fear
  3826 | D:5      | Entered Level 5 of the Dungeon
  3840 | D:5      | Reached skill level 5 in Throwing
  3903 | D:5      | Gained mutation: Your mind is acute. (Int +2) [mutagenic meat]
  4251 | D:5      | Found a sacrificial altar of Ru.
  4304 | D:5      | Noticed Blork the orc
  4309 | D:5      | Killed Blork the orc
  4309 | D:5      | Reached ** piety under Okawaru
  4309 | D:5      | Reached XP level 8. HP: 78/86 MP: 3/13
  4616 | D:6      | Learned a level 4 spell: Leda's Liquefaction
  5102 | D:6      | Reached skill level 5 in Fighting
  5358 | D:6      | Found a sacrificial altar of Ru.
  5365 | D:6      | Found a shadowy altar of Dithmenos.
  5370 | D:6      | Found a glowing silver altar of Zin.
  5747 | D:7      | Reached skill level 6 in Throwing
  6062 | D:7      | Reached *** piety under Okawaru
  6154 | D:7      | Reached XP level 9. HP: 63/97 MP: 16/16
  6281 | D:7      | HP: 4/145 [killer bee (4)]
  6285 | D:7      | HP: 1/145 [killer bee (1)]
  6286 | D:7      | Mangled by a killer bee

Vault maps used:
D:1:      tarquinn_simple_flora_water_e, okawaru_ov_weapons_minmay
D:2:      first_bread, nicolae_gozag_zags_fifth_avenue, uniq_jessica
D:3:      regret_index_temple_of_mockery, serial_bayou_lagoon_b
D:4:      gammafunk_temple_overflow_statue, minmay_temple_entry_statues_pillars
D:5:      basic_altar, lemuel_flamethrower_2, uniq_grinder, uniq_blork_the_orc
D:6:      minitemple
Temple:   minmay_temple_curvy_branch

Skill      XL: |  1  2  3  4  5  6  7  8 |
---------------+-------------------------+-----
Dodging        | 2 3 4 |  4.4
Fighting       | 2 3 4 5 |  5.9
Hexes          | 3 4 |  4.8
Throwing       | 3 4 5 6 |  6.7
Stealth        | 1 |  1.0
Spellcasting   | 2 3 4 |  4.9

Action                   |  1- 3 |  4- 6 |  7- 9 || total
-------------------------+-------+-------+-------++-------
Melee: Unarmed           |    28 |       |       ||    28
       Falchion          |    14 |   133 |   114 ||   261
       Kick              |       |     4 |    40 ||    44
       Flail             |       |       |    64 ||    64
Throw: Large rock        |    14 |    19 |    12 ||    45
       Stone             |       |     6 |     7 ||    13
       Throwing net      |       |     2 |       ||     2
       Tomahawk          |       |     3 |   114 ||   117
 Cast: Corona            |    28 |    34 |    54 ||   116
       Slow              |       |    11 |    47 ||    58
       Portal Projectile |       |       |     1 ||     1
  Use: Potion            |       |     7 |     1 ||     8
       Scroll            |       |     7 |     2 ||     9
 Stab: Held in net/web   |       |     3 |       ||     3
       Sleeping          |       |     1 |     1 ||     2
  Eat: Chunk             |     2 |     9 |    12 ||    23
Armor: Robe              |    12 |    42 |    60 ||   114
Dodge: Dodged            |    38 |    76 |   130 ||   244
       Rpst.: Falchion   |     3 |    20 |    29 ||    52

Table legend:
 A = Spawn XP
 B = Non-spawn XP
 C = Spawn XP percentage of total XP
 D = Spawn monster count
 E = Non-spawn monster count
 F = Spawn count percentage of total count
 G = Total turns spent on level
                    A         B        C        D         E        F      G
               +---------+---------+-------+---------+---------+-------+---------
         Total |       0 |    2418 |   0.0 |       0 |     108 |   0.0 |  6286
               +---------+---------+-------+---------+---------+-------+---------
           D:1 |       0 |      45 |   0.0 |       0 |      23 |   0.0 |  1169
           D:2 |       0 |      60 |   0.0 |       0 |       8 |   0.0 |   895
           D:3 |       0 |     147 |   0.0 |       0 |      17 |   0.0 |  1095
           D:4 |       0 |     690 |   0.0 |       0 |      19 |   0.0 |   665
           D:5 |       0 |     292 |   0.0 |       0 |       9 |   0.0 |   678
           D:6 |       0 |     429 |   0.0 |       0 |      19 |   0.0 |  1181
           D:7 |       0 |     755 |   0.0 |       0 |      13 |   0.0 |   601
               +---------+---------+-------+---------+---------+-------+---------
